 Dungeon Crawl Stone Soup version 0.28.0-43-g3370ac3207 (webtiles) character file.

Game seed: 13619783211934883729

112814 pkoi the Frost Mage (level 15, -7/129 HPs)
             Began as a Demigod Ice Elementalist on Mar 30, 2022.
             Killed from afar by a swamp worm (14 damage)
             ... with a harpoon shot
             ... called by a spriggan druid
             ... on level 3 of the Swamp.
             The game lasted 01:20:07 (29924 turns).

pkoi the Frost Mage (Demigod Ice Elementalist)     Turns: 29924, Time: 01:20:08

Health: -7/129     AC: 16    Str: 13    XL:     15   Next: 64%
Magic:  11/42      EV: 16    Int: 43    God:
Gold:   933        SH:  0    Dex: 12    Spells: 5/33 levels left

rFire   . . .      SeeInvis .   Y - staff of cold
rCold   + + +      Faith    .   (no shield)
rNeg    . . .      Spirit   .   i - +4 robe of the Hart {Fly rPois Dex-5}
rPois   +          Reflect  .   A - +2 helmet
rElec   .          Harm     .   e - +2 cloak
rCorr   .          Rampage  .   a - +2 pair of gloves of Classification {rC++ Regen+ Str+4}
Will    ++...                   F - +0 pair of boots "Bovih" {Will+ Dex+3 Stlth-}
Stlth   +.........              q - amulet of magic regeneration
HPRegen 1.11/turn               d - ring of magical power
MPRegen 0.68/turn               Q - +6 ring of intelligence

@: flying
A: high MP 1, forlorn, divine attributes
a: no special abilities


You were on level 3 of the Swamp.
You visited 5 branches of the dungeon, and saw 25 of its levels.
You also visited: Sewer.

You collected 2143 gold pieces.
You spent 1210 gold pieces at shops.

Inventory:

Missiles
 J - 2 throwing nets
 M - 5 curare-tipped darts
Armour
 a - the +2 pair of gloves of Classification (worn) {rC++ Regen+ Str+4}
   (You acquired it on level 5 of the Dungeon)

   Str:       It affects your strength (+4).
   rC:        It greatly protects you from cold.
   Regen:     It increases your rate of health regeneration.
 e - a +2 cloak (worn)
 i - the +4 robe of the Hart (worn) {Fly rPois Dex-5}
   (You found it on level 3 of the Dungeon)

   Dex:       It affects your dexterity (-5).
   rPois:     It protects you from poison.
   Fly:       It grants you flight.
 A - a +2 helmet (worn)
 F - the +0 pair of boots "Bovih" (worn) {Will+ Dex+3 Stlth-}
   (You found it on level 2 of the Lair of Beasts)

   Dex:       It affects your dexterity (+3).
   Will:      It increases your willpower.
   Stlth:     It makes you less stealthy.
 U - an orb of light
Magical Staves
 s - a staff of conjuration
 Y - a staff of cold (weapon)
Jewellery
 d - a ring of magical power (left hand)
 f - a ring of protection from fire
 m - a ring of willpower
 q - an amulet of magic regeneration (around neck)
 L - a ring of resist corrosion
 Q - a +6 ring of intelligence (right hand)
Wands
 h - a wand of mindburst (20)
 l - a wand of polymorph (16)
 p - a wand of acid (14)
 z - a wand of charming (29)
 D - a wand of digging (20)
 K - a wand of flame (94)
 O - a wand of iceblast (33)
 V - a wand of paralysis (9)
Scrolls
 b - 2 scrolls of magic mapping
 j - a scroll of enchant armour
 r - 2 scrolls of summoning
 u - 2 scrolls of enchant weapon
 x - a scroll of silence
 G - 4 scrolls of teleportation
 H - 2 scrolls of blinking
 I - 2 scrolls of holy word
 N - 2 scrolls of amnesia
 R - a scroll of brand weapon
 W - 2 scrolls of fear
 X - a scroll of fog
Potions
 c - a potion of berserk rage
 g - 4 potions of flight
 k - 8 potions of heal wounds
 n - 6 potions of haste
 o - 2 potions of magic
 t - 4 potions of might
 v - 6 potions of curing
 E - a potion of resistance
 P - a potion of brilliance
 S - a potion of cancellation
 T - 7 potions of ambrosia
 Z - 3 potions of invisibility


   Skills:
 + Level 11.1 Fighting
 - Level 3.0 Bows
 + Level 11.3 Dodging
 - Level 1.7 Stealth
 + Level 9.9 Spellcasting
 + Level 7.6 Conjurations
 + Level 1.3 Translocations
 - Level 4.4 Fire Magic
 - Level 13.4 Ice Magic
 + Level 11.7 Air Magic


You had 5 spell levels left.
You knew the following spells:

 Your Spells              Type           Power      Damage    Failure   Level
a - Freeze                Ice            100%       1d11      0%          1
b - Frozen Ramparts       Ice            100%       1d12      1%          3
c - Ozocubu's Armour      Ice            100%       N/A       1%          3
d - Hailstorm             Conj/Ice       100%       3d20      1%          4
e - Swiftness             Air            89%        N/A       1%          3
f - Airstrike             Air            44%        N/A       1%          4
g - Scorch                Fire           100%       2d10      1%          2
h - Freezing Cloud        Conj/Ice/Air   53%        6-21      1%          5
i - Apportation           Tloc           66%        N/A       1%          1
j - Blink                 Tloc           66%        N/A       1%          2

Your spell library contained the following spells:

 Spells                   Type           Power      Damage    Failure   Level
 Beastly Appendage        Tmut           42%        N/A       1%          1
 Sandblast                Erth           42%        2d11      1%          1
 Ensorcelled Hibernation  Hex/Ice        100%       N/A       1%          2
 Flame Wave               Conj/Fire      65%        2d12      1%          4
 Passwall                 Tmut/Erth      17%        N/A       2%          2
 Wereblood                Tmut           21%        N/A       2%          2
 Spider Form              Tmut/Pois      21%        N/A       4%          3
 Anguish                  Hex/Necr       10%        N/A       14%         4
 Animate Armour           Summ/Erth      42%        N/A       14%         4
 Petrify                  Tmut/Erth      21%        N/A       14%         4
 Manifold Assault         Tloc           33%        N/A       22%         5
 Summon Forest            Summ/Tloc      13%        N/A       30%         5
 Alistair's Intoxication  Tmut/Pois      14%        N/A       38%         5
 Simulacrum               Ice/Necr       43%        N/A       14%         6
 Storm Form               Tmut/Air       32%        N/A       73%         7
 Eringya's Noxious Bog    Tmut/Pois      10%        N/A       92%         6
 Summon Cactus Giant      Summ           10%        N/A       92%         6
 Polar Vortex             Ice            58%        N/A       99%         9
 Summon Hydra             Summ           10%        N/A       100%        7


Dungeon Overview and Level Annotations

Branches:
Dungeon (14/15)            Temple (1/1) D:4            Lair (6/6) D:8
  Swamp (3/4) Lair:3       Spider (0/4) Lair:2        Slime (0/5) Lair:5
    Orc (1/2) D:9          Vaults (0/5) D:14          Sewer (visited)

Shops:
D:1 :   D:8 :   D:13 :

Annotations:
Lair:6 3 runed translucent doors, nonceun's ghost, journeyman MiBe


Innate Abilities, Weirdness & Mutations

You have an increased reservoir of magic. (+10% MP)
You shall have no god before yourself.
Your divine heritage dramatically boosts your attributes as you level up.


Message History

The bunyip is lightly wounded.
Unknown command.
Casting: Airstrike (safe; 1% risk of failure)
Confirm with . or Enter, or press ? or * to list all spells.
Flames lash the bunyip.
The bunyip is moderately wounded.
The bunyip's fire resistance burns away.
Unknown command.
Casting: Scorch (safe; 1% risk of failure)
Confirm with . or Enter, or press ? or * to list all spells.
Flames lash the bunyip.
The bunyip is burned terribly!
The bunyip is heavily wounded.
The bunyip closely misses you. The bunyip claws you. The bunyip claws you!!!
* * * LOW HITPOINT WARNING * * *
Unknown command.
Press: ? - help, v - describe, . - travel
Here: a bunyip (thin mist, heavily wounded, strong, more vulnerable to fire) Some shallow water.
Casting: Scorch (safe; 1% risk of failure)
Confirm with . or Enter, or press ? or * to list all spells.
Flames lash the bunyip but do no damage.
A swamp worm comes into view.
Unknown command.
Casting: Scorch (safe; 1% risk of failure)
Confirm with . or Enter, or press ? or * to list all spells.
Flames lash the bunyip.
The bunyip is burned terribly!
The bunyip is heavily wounded.
Unknown command.
Casting: Scorch (safe; 1% risk of failure)
Confirm with . or Enter, or press ? or * to list all spells.
Flames lash the bunyip.
The bunyip is burned terribly!
The bunyip is severely wounded.
The bunyip is engulfed in a cloud of scalding steam.
The bunyip claws you!
* * * LOW HITPOINT WARNING * * *
The bunyip closely misses you. The bunyip claws you!!!
* * * LOW HITPOINT WARNING * * *
The swamp worm fires a harpoon shot at you.
The harpoon shot hits you!
You die...

♣.≈..≈≈ ≈.≈≈≈♣♣§≈≈.≈.)..
♣.≈≈♣.≈ ......♣≈§≈.≈≈..≈
♣....≈≈ .≈.≈...≈.≈≈..≈≈≈
♣.♣.≈≈≈ .§.≈.w.≈.≈§≈≈≈≈♣
♣♣≈.≈≈≈≈≈♣≈≈≈≈.≈≈...≈.≈.≈≈
≈≈.≈.≈.≈§).≈....♣..§.≈≈.≈ ≈
♣≈≈≈≈≈≈≈≈≈≈≈♣...≈.≈≈<♣≈≈.
≈§♣≈≈..≈≈x.♣≈≈≈.≈≈≈♣≈≈≈†≈..
.§....§≈@§≈.≈..≈≈≈≈♣.≈♣♣♣
♣...≈≈≈.≈≈≈≈..≈≈≈..♣♣♣
♣....≈≈.≈♣≈≈≈(..≈≈.♣
♣♣♣≈≈≈≈.≈♣≈..≈≈.≈≈.♣
♣♣..≈.≈≈.♣≈≈≈.♣>.♣
♣♣♣♣.....§.≈.≈.♣♣
♣♣♣♣♣.≈≈♣♣..♣♣ ♣♣.♣♣♣.≈.♣
♣♣♣ ♣♣≈♣♣


You could see a bunyip (strong, combustible) and a swamp worm.

Vanquished Creatures
  Gastronok (Lair:1)
  A thorn hunter (Swamp:2)
  An ironbound preserver (D:14)
  3 eleionomae
  Josephine (Swamp:1)
  Fannar (D:12)
  5 boulder beetles
  The ghost of mrw3rdna the Firebug, a novice OgFE of Okawaru (D:7)
  13 hydras
  5 centaur warriors
  A ghost crab (Swamp:2)
  5 two-headed ogres
  A fenstrider witch skeleton (Swamp:1)
  3 alligators
  6 death yaks (Lair:5)
  2 tengu warriors (D:14)
  Sonja (Lair:4)
  Nergalle (Lair:1)
  2 spriggan druids
  2 goliath frogs
  2 bog bodies
  An orb spider (Lair:2)
  4 swamp dragons
  A deep elf pyromancer (D:14)
  A necromancer (Swamp:1)
  10 ugly things
  2 oklob plants (Lair:5)
  5 manticores
  2 will-o-the-wisps
  12 slime creatures
  3 cyclopes
  A moth of wrath (D:7)
  12 elephants
  A torpor snail (Lair:6)
  6 black mambas
  28 cane toads
  2 gargoyles
  A rime drake (Lair:3)
  14 komodo dragons
  2 burning bushes (Lair:5)
  2 tengu conjurers (D:13)
  A bloated husk (Swamp:2)
  A queen bee (D:9)
  A meliai (D:14)
  3 polar bears
  3 trolls
  14 tyrant leeches
  A wolf spider simulacrum (Lair:2)
  30 blink frogs
  5 hornets
  Grinder (D:5)
  Prince Ribbit (D:6)
  A spriggan zombie (Swamp:1)
  A spriggan skeleton (Swamp:1)
  The ghost of styxcanada the Covert, an amateur SpBr (D:4)
  6 wraiths
  4 spriggans
  A shadow (D:11)
  A vampire (D:11)
  8 wyverns
  Eustachio (D:6)
  39 yaks
  3 basilisks
  Grum (D:11)
  7 vampire mosquitoes
  9 swamp worms
  3 acid dragons
  Edmund (D:5)
  Duvessa (D:7)
  A hydra simulacrum (Lair:2)
  21 water moccasins
  Pargi (Sewer)
  5 orc warriors
  3 ice beasts
  The ghost of issech the Cudgeller, an amateur TrMo (D:3)
  A swamp drake (D:9)
  4 sky beasts
  2 black bears
  A necrophage (D:5)
  5 ogres
  12 wolves
  9 centaurs
  2 phantoms
  25 bullfrogs
  3 scorpions
  3 gnoll sergeants
  A wyvern skeleton (D:7)
  2 water moccasin skeletons
  Dowan (D:7)
  27 killer bees
  3 electric eels (D:6)
  17 wights
  A howler monkey (D:10)
  A bullfrog zombie (D:5)
  2 centaur zombies
  4 hounds
  2 jellies
  3 centaur skeletons
  5 orc priests
  3 iguanas
  10 hell rats
  8 orc wizards
  Terence (D:2)
  A polar bear simulacrum (Lair:2)
  A bullfrog simulacrum (Lair:2)
  A hound skeleton (D:4)
  A howler monkey skeleton (D:6)
  5 howler monkey zombies
  32 gnolls
  8 adders
  A shadow imp (D:6)
  An adder skeleton (D:4)
  A worm (D:4)
  3 dart slugs
  30 orcs
  11 endoplasms
  3 giant cockroaches
  37 goblins
  26 hobgoblins
  11 ball pythons
  5 bats
  11 frilled lizards
  11 kobolds
  7 rats
  A bush (Lair:5)
715 creatures vanquished.

Vanquished Creatures (collateral kills)
  An adder (D:4)
  An orc (D:4)
  3 jackals (D:4)
5 creatures vanquished.

Vanquished Creatures (others)
  A bloated husk (Swamp:1)
  6 foxfires
  75 fungi
  131 plants
213 creatures vanquished.

Grand Total: 933 creatures vanquished

Notes
Turn   | Place    | Note
-------+----------+-------------------------------------------
     0 | D:1      | pkoi the Demigod Ice Elementalist began the quest for the
                  | Orb.
     0 | D:1      | Reached XP level 1. HP: 14/14 MP: 5/5
   391 | D:1      | Got the Catalogue of Feathery Earth
   403 | D:1      | Reached skill level 4 in Ice Magic
   403 | D:1      | Found Alyesuss's Book Boutique.
   508 | D:1      | Reached XP level 2. HP: 20/20 MP: 7/7
  1206 | D:2      | Reached XP level 3. HP: 26/26 MP: 8/8
  1213 | D:2      | Learned a level 3 spell: Frozen Ramparts
  1484 | D:2      | Reached skill level 5 in Ice Magic
  1709 | D:2      | Noticed Terence
  1719 | D:2      | Killed Terence
  1720 | D:2      | Reached XP level 4. HP: 17/33 MP: 9/9
  2357 | D:3      | Identified the +4 robe of the Hart {Fly rPois Dex-5}
  2610 | D:3      | Found a transporter.
  2611 | D:3      | Noticed an ogre
  2611 | D:3      | Noticed issech's ghost (amateur TrMo)
  2612 | D:3      | Found a transporter.
  2612 | D:3      | Noticed an ogre
  2613 | D:3      | Identified the +5 great mace "Igrith" {vorpal, Str+2}
  2613 | D:3      | Noticed an ogre
  3045 | D:4      | Found a runed translucent door.
  3050 | D:4      | Learned a level 3 spell: Ozocubu's Armour
  3057 | D:4      | Noticed styxcanada's ghost (amateur SpBr)
  3074 | D:4      | Reached XP level 5. HP: 32/38 MP: 11/11
  3167 | D:4      | Found a staircase to the Ecumenical Temple.
  3216 | D:4      | Reached skill level 6 in Ice Magic
  3224 | D:4      | Found a glowing drain.
  3234 | Sewer    | Entered a sewer
  3670 | Sewer    | Noticed Pargi
  3765 | Sewer    | Killed Pargi
  3766 | Sewer    | Reached XP level 6. HP: 35/45 MP: 13/13
  4085 | D:4      | Reached skill level 7 in Ice Magic
  4239 | D:4      | Reached XP level 7. HP: 49/50 MP: 15/15
  4513 | Temple   | Entered the Ecumenical Temple
  4578 | D:4      | Learned a level 4 spell: Hailstorm
  4612 | D:5      | Entered Level 5 of the Dungeon
  4693 | D:5      | Identified a scroll of acquirement
  4693 | D:5      | Acquired the +2 pair of gloves of Classification {rC++
                  | Regen+ Str+4}
  4724 | D:5      | Reached skill level 1 in Fighting
  4724 | D:5      | Reached skill level 1 in Conjurations
  4728 | D:5      | Learned a level 3 spell: Swiftness
  4825 | D:5      | Reached skill level 1 in Air Magic
  4882 | D:5      | Reached skill level 8 in Ice Magic
  4905 | D:5      | Reached XP level 8. HP: 59/59 MP: 17/17
  5172 | D:5      | Noticed Edmund
  5176 | D:5      | Killed Edmund
  5267 | D:5      | Noticed Grinder
  5268 | D:5      | Paralysed by Grinder for 3 turns
  5283 | D:5      | Killed Grinder
  5284 | D:5      | Reached skill level 1 in Bows
  5556 | D:6      | Noticed Prince Ribbit
  5700 | D:6      | Killed Prince Ribbit
  5806 | D:6      | Reached XP level 9. HP: 68/68 MP: 19/19
  6251 | D:6      | Noticed Eustachio
  6279 | D:6      | Killed Eustachio
  6815 | D:6      | Reached skill level 9 in Ice Magic
  6922 | D:6      | Reached skill level 5 in Spellcasting
  7025 | D:6      | Learned a level 4 spell: Airstrike
  7065 | D:7      | Found a transporter.
  7116 | D:7      | Found a transporter.
  7676 | D:7      | Noticed a moth of wrath
  7677 | D:7      | Noticed mrw3rdna's ghost (novice OgFE)
  7822 | D:7      | Noticed Dowan
  7822 | D:7      | Noticed Duvessa
  7830 | D:7      | Killed Duvessa
  7831 | D:7      | Killed Dowan
  8262 | D:8      | Found Jimob's Self-Improvement Boutique.
  8429 | D:8      | Reached skill level 5 in Air Magic
  8816 | D:8      | Found a staircase to the Lair.
  9345 | Lair:1   | Entered Level 1 of the Lair of Beasts
  9398 | Lair:1   | Reached XP level 10. HP: 78/78 MP: 21/21
  9442 | Lair:1   | Noticed Gastronok
  9497 | Lair:1   | Killed Gastronok
  9498 | Lair:1   | Reached skill level 5 in Dodging
  9701 | Lair:1   | Reached XP level 11. HP: 92/92 MP: 24/24
  9994 | Lair:1   | Noticed Nergalle
 10005 | Lair:1   | Killed Nergalle
 10006 | Lair:1   | Reached skill level 10 in Ice Magic
 10401 | Lair:1   | Reached XP level 12. HP: 101/101 MP: 23/25
 10934 | Lair:2   | Noticed a five-headed hydra
 10940 | Lair:2   | Killed a five-headed hydra
 10992 | Lair:2   | Noticed a five-headed hydra
 10997 | Lair:2   | Killed a five-headed hydra
 11039 | Lair:2   | Found a transporter.
 11245 | Lair:2   | Found a transporter.
 11666 | Lair:2   | Found a hole to the Spider Nest.
 12011 | Lair:2   | Learned a level 2 spell: Scorch
 12080 | Lair:2   | Identified the +0 pair of boots "Bovih" {Will+ Dex+3
                  | Stlth-}
 12144 | Lair:3   | Found a staircase to the Swamp.
 12232 | Lair:3   | Reached skill level 1 in Fire Magic
 13185 | Lair:4   | Noticed a seven-headed hydra
 13190 | Lair:4   | Killed a seven-headed hydra
 13462 | D:1      | Bought a book of Ice for 460 gold pieces
 13468 | D:1      | Learned a level 5 spell: Freezing Cloud
 13795 | Lair:4   | Reached XP level 13. HP: 108/108 MP: 27/28
 13868 | Lair:4   | Reached skill level 11 in Ice Magic
 14362 | Lair:4   | Noticed Sonja
 14364 | Lair:4   | Killed Sonja
 15818 | Lair:5   | Found a staircase to the Slime Pits.
 15847 | Lair:5   | You are sucked into a shaft and drop 1 floor!
 15847 | Lair:6   | Entered Level 6 of the Lair of Beasts
 16235 | Lair:6   | Reached skill level 10 in Air Magic
 16757 | Lair:6   | Reached skill level 12 in Ice Magic
 17000 | Lair:6   | Identified the +4 ring mail of Shielding {Harm rCorr}
 17060 | Lair:6   | Reached XP level 14. HP: 115/118 MP: 25/30
 17428 | Lair:6   | Found a runed translucent gate.
 17429 | Lair:6   | Found a runed translucent gate.
 17430 | Lair:6   | Found a runed translucent gate.
 17434 | Lair:6   | Noticed nonceun's ghost (journeyman MiBe)
 17756 | Lair:5   | Reached skill level 5 in Conjurations
 17763 | Lair:5   | Reached skill level 10 in Dodging
 19482 | D:9      | Found a staircase to the Orcish Mines.
 20193 | D:10     | Entered Level 10 of the Dungeon
 20958 | D:11     | Reached skill level 10 in Fighting
 21031 | D:11     | Noticed Grum
 21041 | D:11     | Killed Grum
 22258 | D:12     | Noticed Fannar
 22266 | D:12     | Killed Fannar
 23905 | D:13     | Found Zughuwk's Book Boutique.
 25479 | D:14     | Reached XP level 15. HP: 127/128 MP: 32/33
 25480 | D:14     | Reached skill level 13 in Ice Magic
 25867 | D:14     | Found a gate to the Vaults.
 26418 | D:3      | Killed issech's ghost
 26539 | D:4      | Killed styxcanada's ghost
 26699 | D:7      | Killed mrw3rdna's ghost
 26866 | Orc:1    | Entered Level 1 of the Orcish Mines
 27124 | D:13     | Bought an Inescapable Atlas for 510 gold pieces
 27124 | D:13     | Bought a book of Party Tricks for 240 gold pieces
 27126 | D:13     | Learned a level 1 spell: Apportation
 27129 | D:13     | Learned a level 2 spell: Blink
 27288 | Swamp:1  | Entered Level 1 of the Swamp
 27726 | Swamp:1  | Noticed Josephine
 27753 | Swamp:1  | Killed Josephine
 28671 | Swamp:1  | HP: 6/128 [swamp worm (17)]
 29102 | Swamp:2  | Noticed a thorn hunter
 29113 | Swamp:2  | Killed a thorn hunter
 29628 | Swamp:3  | Reached skill level 1 in Translocations
 29924 | Swamp:3  | Killed from afar by a swamp worm

Illustrated notes

Levels and vault maps discovered:
D:1:      dpeg_arrival_ternary, layout_basic,
          shapermc_ecumenical_altar_notcrosses, serial_shops, shop
D:2:      layout_rooms, uniq_terence
D:3:      layout_basic, gammafunk_ghost_smash
D:4:      minmay_chambers_of_twos, layout_rooms, minmay_temple_entry_mini_moons,
          gup_sewer_entry_glass, hellmonk_ghost_happy_afterlife,
          grunt_decor_cap, grunt_decor_arrowhead, st_stairs_6, minmay_quantized
D:5:      layout_basic, kennysheep_little_box, uniq_edmund, uniq_grinder
D:6:      minmay_goblin_kobold_castle, layout_rooms,
          mainiacjoe_overflow_surrounded_room,
          gammafunk_temple_overflow_forgotten, lemuel_round_altar,
          lemuel_round_altar, uniq_prince_ribbit1, uniq_eustachio
D:7:      hellmonk_destroyed_diamonds, layout_basic, lemuel_round_altar,
          gammafunk_ghost_berserking_beasts, uniq_duvessa
D:8:      layout_loops_corners, okawaru_trees_1, lair_entry_dummy,
          nicolae_shop_self_help
D:9:      layout_long_grid, eat_drink_and_be_merry_uskayaw, erik_orc_1,
          special_room [special_room_bee]
D:10:     layout_basic
D:11:     layout_roguey, chequers_serial_rivers_room_b, patterned_corridor,
          uniq_grum
D:12:     layout_basic, uniq_fannar
D:13:     layout_grid_maze, serial_shops, shop, nicolae_sif_muna_condensation
D:14:     layout_roguey, skrybe_vaults_entry_preservation, nicolae_wwwww,
          minivault_1
Temple:   nicolae_temple_x_marks_the_god
Lair:1:   layout_gridlike, beast_lair_carwin_9, grunt_megastairs_2,
          infiniplex_staircase_pool_2, uniq_gastronok, uniq_nergalle
Lair:2:   gammafunk_cloud_chamber, layout_cave_pods,
          nicolae_spider_entry_orb_guardian, nicolae_lair_lil_pond
Lair:3:   layout_roguey, swamp_mist
Lair:4:   layout_regular_city, uniq_sonja
Lair:5:   layout_roguey, slime_altar_1, minmay_lair_oklob_bushes,
          evilmike_ambush [evilmike_ambush_outer_basic,
          evilmike_ambush_inner_cross]
Lair:6:   minmay_lair_end_frog_pond, layout_long_grid, gammafunk_ghost_icy
Swamp:1:  layout_basic_swamp, evilmike_swamp_ruin_house_5, grunt_hermit_hut,
          uniq_josephine
Swamp:2:  layout_basic_swamp, evilmike_swamp_ruin_house_4
Swamp:3:  layout_falls_marsh, serial_swamp_ruin, evilmike_swamp_ruin_house_1,
          evilmike_swamp_ruin_rubble_1
Orc:1:    layout_caves, serial_shops, nicolae_shop_stone, gammafunk_ghost_grave,
          lemuel_statue_altar

Skill      XL: |  1  2  3  4  5  6  7  8  9 10 11 12 13 14 15 |
---------------+----------------------------------------------+-----
Ice Magic      | 4 5 6 7 8 9 10 12 13 | 13.4
Spellcasting   | 2 3 4 5 6 7 8 9 |  9.9
Dodging        | 2 3 4 7 8 9 10 11 | 11.3
Fighting       | 1 2 3 7 8 9 10 11 | 11.1
Conjurations   | 1 2 3 4 6 7 |  7.6
Air Magic      | 1 3 5 6 7 9 10 11 | 11.7
Bows           | 2 3 |  3.0
Fire Magic     | 2 4 |  4.4
Translocations | 1 |  1.3
Stealth        | |  1.7

Action                   |  1- 3 |  4- 6 |  7- 9 | 10-12 | 13-15 || total
-------------------------+-------+-------+-------+-------+-------++-------
Melee: Spear             |    24 |       |       |       |       ||    24
       Unarmed           |     2 |       |       |       |       ||     2
       Mace              |     2 |       |       |       |       ||     2
       Punch             |     1 |       |       |       |     2 ||     3
       Halberd           |       |    46 |   122 |       |       ||   168
       Rapier            |       |       |     4 |       |       ||     4
       Staff             |       |       |       |     1 |    22 ||    23
 Fire: Shortbow          |       |       |   139 |    86 |       ||   225
 Cast: Freeze            |    66 |    38 |    32 |    79 |    10 ||   225
       Frozen Ramparts   |     1 |    24 |    43 |    35 |    32 ||   135
       Ozocubu's Armour  |       |       |     3 |     6 |    27 ||    36
       Airstrike         |       |       |    42 |    91 |   664 ||   797
       Hailstorm         |       |       |     8 |    11 |     8 ||    27
       Scorch            |       |       |       |    29 |    42 ||    71
       Freezing Cloud    |       |       |       |     5 |   109 ||   114
       Swiftness         |       |       |       |       |     1 ||     1
  Use: Scroll            |       |     5 |    10 |     1 |     8 ||    24
       Potion            |       |       |       |     6 |       ||     6
 Stab: Sleeping          |     5 |     2 |     1 |       |       ||     8
Armor: Robe              |    11 |    31 |   105 |    73 |   135 ||   355
Dodge: Dodged            |    50 |    48 |   121 |    90 |   250 ||   559
